 Dungeon Crawl Stone Soup version 0.29.1-2-gbd0b4ee654 (webtiles) character file.

Game seed: 630434226256189999

289 LustLizard the Shooter (level 6, -1/32 HPs)
             Began as a Spriggan Hunter on Oct 28, 2022.
             Slain by a killer bee (5 damage)
             ... on level 4 of the Dungeon.
             The game lasted 00:04:10 (3382 turns).

LustLizard the Shooter (Spriggan Hunter)            Turns: 3382, Time: 00:04:11

Health: -1/32      AC:  3    Str:  7    XL:     6   Next: 9%
Magic:  7/7        EV: 18    Int: 11    God:
Gold:   258        SH:  0    Dex: 20    Spells: 5/5 levels left

rFire   . . .      SeeInvis +   a - +0 shortbow
rCold   . . .      Faith    .   (shield currently unavailable)
rNeg    . . .      Spirit   .   c - +0 robe
rPois   .          Reflect  .   (helmet restricted)
rElec   .          Harm     .   k - +0 cloak
rCorr   .          Rampage  .   (gloves unavailable)
Will    +....                   (boots unavailable)
Stlth   +++.......              i - amulet of regeneration
HPRegen 0.90/turn               (no ring)
MPRegen 0.10/turn               (no ring)

@: lethally poisoned (-1 -> -2), very quick
A: very small, no large weapons, unfitting armour, see invisible, speed 3
a: no special abilities


You were on level 4 of the Dungeon.
You visited 1 branch of the dungeon, and saw 5 of its levels.

You collected 258 gold pieces.

Inventory:

Hand Weapons
 a - a +0 shortbow (weapon)
Missiles
 d - 2 curare-tipped darts
Armour
 c - a +0 robe (worn)
 k - a +0 cloak (worn)
Jewellery
 i - an amulet of regeneration (around neck)
Wands
 s - a wand of roots (10)
 t - a wand of polymorph (13)
Scrolls
 b - a scroll of immolation
 e - 2 scrolls of noise
 f - 3 scrolls of vulnerability {unknown}
 h - a scroll of summoning {unknown}
 l - 2 scrolls of blinking {unknown}
 o - 4 scrolls of poison {unknown}
 q - 3 scrolls of identify
Potions
 g - 2 potions of mutation
 j - 2 potions of curing {unknown}
 m - 2 potions of lignification
 n - 2 potions of magic {unknown}
 p - 2 potions of berserk rage {unknown}
 r - a potion of flight {unknown}
 u - a potion of attraction {unknown}
 v - a potion of haste {unknown}


   Skills:
 + Level 2.8 Fighting
 * Level 5.8 Ranged Weapons
 - Level 2.6 Dodging
 + Level 4.7 Stealth
 + Level 2.2 Evocations


You had 5 spell levels left.
You didn't know any spells.
Your spell library contained the following spells:

 Spells                   Type           Power      Damage    Failure   Level
 Beastly Appendage        Tmut           0%         N/A       34%         1
 Necrotise                Necr           0%         1d4       34%         1
 Wereblood                Tmut           0%         N/A       47%         2
 Spider Form              Tmut/Pois      0%         N/A       71%         3
 Vampiric Draining        Necr           0%         2d6       71%         3
 Agony                    Necr           0%         N/A       100%        5


Dungeon Overview and Level Annotations

Branches:
Dungeon (5/15)
 Temple: D:4-7

Altars:
Cheibriados
Hepliaklqana
Nemelex Xobeh
Okawaru
Vehumet


Innate Abilities, Weirdness & Mutations

You are very small and have problems with some larger weapons.
You are too small for most types of armour.
You have supernaturally acute eyesight. (SInv)
You cover ground extremely quickly. (Speed+++)


Message History

Aim: a killer bee (severely wounded, 40% to hit)
You shoot an arrow. The arrow barely misses the killer bee.
The killer bee barely misses you. The killer bee stings you.
Unknown command.
Fire: a) +0 shortbow
Press: ? - help, Q - select action, (/) - cycle Shift-Dir - straight line, f/p - killer bee
Aim: a killer bee (severely wounded, 40% to hit)
You shoot an arrow.
The arrow closely misses the killer bee.
The killer bee closely misses you. x2; The killer bee completely misses you.
Fire: a) +0 shortbow
Press: ? - help, Q - select action, (/) - cycle Shift-Dir - straight line, f/p - killer bee
Aim: a killer bee (severely wounded, 40% to hit)
You shoot an arrow. The arrow barely misses the killer bee.
The killer bee stings you. The killer bee completely misses you.
Unknown command.
Fire: a) +0 shortbow
Press: ? - help, Q - select action, (/) - cycle Shift-Dir - straight line, f/p - killer bee
Aim: a killer bee (severely wounded, 40% to hit)
You shoot an arrow.
The arrow hits the killer bee but does no damage.
The killer bee is severely wounded.
The killer bee stings you.
* * * LOW HITPOINT WARNING * * *
You are poisoned.
The killer bee poisons you! The killer bee misses you.
Unknown command.
Fire: a) +0 shortbow
Press: ? - help, Q - select action, (/) - cycle Shift-Dir - straight line, f/p - killer bee
Aim: a killer bee (severely wounded, 40% to hit)
You shoot an arrow.
The arrow closely misses the killer bee.
You feel sick. The killer bee closely misses you.
The killer bee completely misses you. The killer bee barely misses you.
Fire: a) +0 shortbow
Press: ? - help, Q - select action, (/) - cycle Shift-Dir - straight line, f/p - killer bee
Aim: a killer bee (severely wounded, 40% to hit)
You shoot an arrow. The arrow barely misses the killer bee.
You feel sick. The killer bee stings you.
You die...

##.#.###........#.###(#.#
#.# .#................#
#.#.# #.#
.........##.###.#.###.#.#
#.#
.##.#.##.##.##........#.#
#.#
....#.##.##.#.#...#.##..#
#.#
.#..#.##............)...#
#.#
.#..#.#####.#.#...#.##.##
#.# #...#.#
#.##......#.## #.#
##....#
#.....@y...######.#
#...###
######.##.........# .#..#
########.############
....# #........# .#.##
#.######.#
##.######.######.#
##...............#
########.#########
.........#


You could see a killer bee.

Vanquished Creatures
  Eustachio (D:4)
  2 orc wizards (D:4)
  3 adders
  A worm (D:4)
  3 dart slugs
  3 orcs
  7 ball pythons
  7 bats
  3 endoplasms
  7 giant cockroaches
  5 goblins
  5 hobgoblins
  A quokka (D:3)
  2 frilled lizards (D:2)
  8 kobolds
  5 rats
63 creatures vanquished.

Notes
Turn   | Place    | Note
-------+----------+-------------------------------------------
     0 | D:1      | LustLizard the Spriggan Hunter began the quest for the Orb.
     0 | D:1      | Reached XP level 1. HP: 10/10 MP: 2/2
   109 | D:1      | Found a faded altar of an unknown god.
   232 | D:1      | Reached XP level 2. HP: 15/15 MP: 3/3
   893 | D:2      | Reached XP level 3. HP: 18/18 MP: 4/4
  1697 | D:3      | Reached XP level 4. HP: 19/23 MP: 5/5
  1891 | D:3      | Reached skill level 5 in Ranged Weapons
  2314 | D:3      | Found a sparkling altar of Nemelex Xobeh.
  2729 | D:4      | Found a hazy altar of Hepliaklqana.
  2740 | D:4      | Found a radiant altar of Vehumet.
  2766 | D:4      | Found a snail-covered altar of Cheibriados.
  2815 | D:4      | Found an iron altar of Okawaru.
  3114 | D:4      | Reached skill level 1 in Evocations
  3114 | D:4      | Reached XP level 5. HP: 26/27 MP: 6/6
  3130 | D:4      | Noticed Eustachio
  3195 | D:4      | Killed Eustachio
  3196 | D:4      | Reached XP level 6. HP: 17/32 MP: 7/7
  3364 | D:5      | Entered Level 5 of the Dungeon
  3382 | D:4      | Slain by a killer bee

Illustrated notes

Levels and vault maps discovered:
D:1:      minmay_arrival_up_and_down, layout_basic,
          shapermc_ecumenical_altar_acropolis, minmay_worlds_worst_comb
D:2:      layout_basic
D:3:      layout_basic, nemelex_spade_bored_becter
D:4:      layout_loops_ring, mainiacjoe_overflow_large_starburst,
          mainiacjoe_overflow_chevrons, mainiacjoe_overflow_alcove_1,
          uniq_eustachio
D:5:      layout_basic, nicolae_ru_great_annihilating_truth,
          reono_crystal_passage, minmay_crystal_water, kennysheep_big_empty_room

Skill      XL: |  1  2  3  4  5 |
---------------+----------------+-----
Stealth        | 2 3 4 |  4.7
Fighting       | 2 |  2.8
Ranged Weapons | 5 |  5.8
Evocations     | 1 2 |  2.2
Dodging        | |  2.6

Action                   |  1- 3 |  4- 6 || total
-------------------------+-------+-------++-------
 Fire: Shortbow          |   110 |   112 ||   222
  Use: Scroll            |     3 |       ||     3
Armor: Robe              |    10 |     9 ||    19
Dodge: Dodged            |    43 |    61 ||   104
